AoeStats
← Křovák

Golden Pit

507302243Analyzed
1v1 RM · 15d ago on Sep 17, 2026· 40m 58s· 2 players
Game mode
Random Map
Map size
Tiny (2 player)
Population
200
Speed
Normal
Resources
Standard
Victory
Conquest
Starting age
Dark Age
Ending age
Imperial Age
RankedLock teamsTeams togetherTeam positionsShared explorationLock speedFull tech treeHidden civsTurbo modeCheats
Victory
Defeat
🇧🇷 Magyars · Brazil
821
+17
🇨🇿 Britons · Czechia
853
-17
Flávio do pneu
4:56 Loom
11:29 Feudal Age
15:26 Castle Age
14:01 Double-Bit Axe
14:55 Town Watch
17:10 Fletching
22:59 Corvinian Army
25:38 Scale Barding Armor
26:24 Bow Saw
26:15 Horse Collar
29:12 Chain Barding Armor
31:10 Bodkin Arrow
32:14 Wheelbarrow
32:12 Bloodlines
32:02 Husbandry
32:11 Husbandry
33:41 Town Patrol
33:56 Hand Cart
33:42 Town Patrol
33:57 Hand Cart
39:26 Imperial Age
38:57 Crossbowman
40:34 Bracer
40:35 Padded Archer Armor
Křovák
7:55 Loom
10:49 Feudal Age
16:32 Castle Age
15:37 Double-Bit Axe
27:20 Fletching
30:11 Bodkin Arrow
30:24 Horse Collar
34:02 Pikeman
Connection lost

Rejoining the realm…

Still unreachable

The connection could not be restored.

Session expired

The server has moved on; the page needs a fresh start.